 Dungeon Crawl Stone Soup version 0.22-a0-362-g535178c (webtiles) character file.

585 dstrtnsr the Chiller (level 7, 0/67 HPs)
             Began as a Gnoll Ice Elementalist on Apr 22, 2018.
             Was an Initiate of Cheibriados.
             Slain by a wight
             ... wielding a +0 short sword
              (1 damage)
             ... on level 8 of the Dungeon.
             The game lasted 00:10:30 (1620 turns).

dstrtnsr the Chiller (Gnoll Ice Elementalist)       Turns: 1620, Time: 00:10:31

Health: 0/67       AC:  6    Str: 17    XL:     7   Next: 37%
Magic:  3/15       EV: 14    Int: 25    God:    Cheibriados [......]
Gold:   216        SH:  0    Dex: 18    Spells: 9/17 levels left

rFire    x . .     SeeInvis .   l - +1 rapier
rCold    + . .     Gourm    .   (no shield)
rNeg     . . .     Faith    .   u - +2 robe {MR+}
rPois    .         Spirit   .   (helmet restricted)
rElec    .         Reflect  .   (no cloak)
rCorr    .         Harm     .   (no gloves)
MR       +....                  (no boots)
Stlth    ..........             (no amulet)
HPRegen  0.21/turn              g - ring of wizardry
MPRegen  0.14/turn              v - ring of ice

@: brilliant, berserking, flying, heavily drained, very slow
A: distributed training, antennae 1, fangs 1, thin metallic scales 1, thin
skeletal structure 1, frail 1, strong nose
a: Bend Time, Renounce Religion


You were on level 8 of the Dungeon.
You worshipped Cheibriados.
Cheibriados was noncommittal.
You were not hungry.

You visited 2 branches of the dungeon, and saw 9 of its levels.

You collected 216 gold pieces.

Inventory:

Hand Weapons
 l - a +1 rapier (weapon)
 n - a +1 short sword
 t - a +0 long sword
Armour
 u - a +2 robe of magic resistance (worn)
Magical Staves
 y - an uncursed staff of energy {!a}
Jewellery
 g - a ring of wizardry (left hand)
 v - a ring of ice (right hand)
Scrolls
 e - a scroll of amnesia {unknown}
 i - a scroll of fog
 k - 2 scrolls of identify {unknown}
 o - a scroll of teleportation {unknown}
 p - a scroll of enchant armour
 r - a scroll of magic mapping {unknown}
 w - a scroll of remove curse {unknown}
 x - a scroll of blinking {unknown}
Potions
 a - a potion of magic {unknown}
 b - a potion of mutation {!q}
 d - a potion of flight
 f - a potion of cancellation {unknown}
 j - a potion of berserk rage {!q}
 m - a potion of brilliance
 q - a potion of haste {!q}
 s - a potion of might {unknown}
Comestibles
 c - 7 rations {!d}


   Skills:
 + Level 2.4(0.9) Fighting
 + Level 2.4(0.9) Short Blades
 + Level 2.4(0.9) Long Blades
 + Level 2.4(0.9) Axes
 + Level 2.4(0.9) Maces & Flails
 + Level 2.4(0.9) Polearms
 + Level 2.4(0.9) Staves
 + Level 2.4(0.9) Slings
 + Level 2.4(0.9) Bows
 + Level 2.4(0.9) Crossbows
 + Level 2.4(0.9) Throwing
 + Level 2.4(0.9) Armour
 + Level 5.2(3.5) Dodging
 + Level 4.8(3.2) Stealth
 + Level 2.4(0.9) Shields
 + Level 2.4(0.9) Unarmed Combat
 + Level 5.6(3.9) Spellcasting
 + Level 2.9(1.4) Conjurations
 + Level 2.0(0.5) Hexes
 + Level 2.0(0.5) Charms
 + Level 2.0(0.5) Summonings
 + Level 2.0(0.5) Necromancy
 + Level 2.0(0.5) Translocations
 + Level 2.0(0.5) Transmutations
 + Level 2.0(0.5) Fire Magic
 + Level 5.8(4.1) Ice Magic
 + Level 2.0(0.5) Air Magic
 + Level 2.0(0.5) Earth Magic
 + Level 2.0(0.5) Poison Magic
 + Level 2.6(1.1) Invocations
 + Level 2.4(0.9) Evocations


You had 9 spell levels left.
You knew the following spells:

 Your Spells              Type           Power        Failure   Level  Hunger
a - Freeze                Ice            ####         1%          1    None
i - Summon Ice Beast      Ice/Summ       #####...     4%          4    ####...
o - Ozocubu's Armour      Chrm/Ice       #####...     1%          3    ##.....


Dungeon Overview and Level Annotations

Branches:
Dungeon (8/15)             Temple (1/1) D:4
   Lair: D:8-11

Altars:
Ashenzari
Cheibriados
Dithmenos
Elyvilon
Fedhas
Gozag
Hepliaklqana
Kikubaaqudgha
Makhleb
Nemelex Xobeh
Okawaru
Ru
Sif Muna
Trog
Uskayaw
Vehumet
Wu Jian
Xom
Yredelemnul
Zin


Innate Abilities, Weirdness & Mutations

Your experience applies equally to all skills.
You have very sharp teeth.
Your uncanny sense of smell can sniff out nearby items.
You have a pair of small antennae on your head.
You are partially covered in thin metallic scales. (AC +2)
You have a somewhat thin skeletal structure. (Dex +2, Stealth)
You are frail. (-10% HP)


Message History

Your base Translocations skill increases to level 2!
Your base Transmutations skill increases to level 2!
Your base Fire Magic skill increases to level 2!
Your base Air Magic skill increases to level 2!
Your base Earth Magic skill increases to level 2!
Your base Poison Magic skill increases to level 2!
Unknown command.
Unknown command.
The wight hits the fungus with an enchanted short sword!
Unknown command.
You closely miss the wight.
The wight is moderately damaged.
The wight hits the fungus with an enchanted short sword.
The wight hits you with an enchanted hand axe.
* * * LOW HITPOINT WARNING * * *
The wight hits your ice beast but does no damage.
Your ice beast barely misses the wight.
The wight hits the plant but does no damage.
Huge Dmg: -11%(-5hp) hp: 25%(11hp)
You barely miss the wight.
The wight is moderately damaged.
The wight hits the fungus with an enchanted short sword!
Your ice beast barely misses the wight.
The wight misses you. The wight barely misses your ice beast.
The wight hits the plant but does no damage.
Unknown command.
You hit the wight.
The wight is heavily damaged.
The wight hits the fungus with an enchanted short sword.
Your ice beast hits the wight but does no damage.
The wight hits you with an enchanted hand axe.
* * * LOW HITPOINT WARNING * * *
You feel drained.
* * * LOW HITPOINT WARNING * * *
The wight hits your ice beast with an enchanted hand axe.
The wight hits the plant but does no damage.
Huge Dmg: -7%(-3hp) hp: 18%(8hp)
You closely miss the wight. You bite the wight, but do no damage.
The wight is heavily damaged.
The wight hits the fungus with an enchanted short sword.
Your ice beast barely misses the wight.
The wight hits you with an enchanted hand axe.
* * * LOW HITPOINT WARNING * * *
The wight hits your ice beast but does no damage.
The wight hits the plant but does no damage.
The wight hits the fungus with an enchanted short sword.
The fungus is destroyed!
Unknown command.
You closely miss the wight. Your bite misses the wight.
The wight is heavily damaged.
Your ice beast hits the wight but does no damage.
The wight hits you but does no damage.
The wight hits your ice beast with an enchanted hand axe.
The wight drains your ice beast! x2
The wight hits the plant but does no damage.
Your ice beast hits the wight but does no damage.
Unknown command.
The wight hits your ice beast with an enchanted hand axe.
The wight drains your ice beast! x2
The wight hits the plant but does no damage.
Your ice beast hits the wight but does no damage.
Unknown command.
You aren't carrying any items that you can evoke without wielding.
Unknown command.
Unknown command.
Your ice beast hits the wight.
Your ice beast freezes the wight.
The wight resists.
The wight hits your ice beast with an enchanted hand axe!
The wight drains your ice beast! x2
Your ice beast dies!
Found a stone staircase leading down.
Unknown command.
Okay, then.
It was a potion of brilliance.
You feel clever all of a sudden. The wight misses you.
Okay, then.
Unknown command.
It was a potion of flight.
You feel very buoyant.
You fly up into the air.
Unknown command.
The wight hits the fungus with an enchanted hand axe.
The wight hits you with an enchanted short sword.
* * * LOW HITPOINT WARNING * * *
You feel drained.
* * * LOW HITPOINT WARNING * * *
The wight closely misses you.
Huge Dmg: -13%(-6hp) hp: 7%(3hp)
Okay, then.
Okay, then.
It was a potion of berserk rage.
A red film seems to cover your vision as you go berserk!
Cheibriados protects you from inadvertent hurry.
You feel mighty!
The wight hits the fungus with an enchanted hand axe!
The wight hits you with a short sword.
* * * LOW HITPOINT WARNING * * *
You feel drained.
You die...

...$.#......# ...#......#
####'#......# #######
#......†#######.....####+
#.......+....#..........>
.............+.$.........
#.......#....#...........
#.......#....#...........
........#.....#.@z.......
...............:z........
...........P.P..Pz.$.....
..........P..P)....####..
.........P....PP.....#
............P...PP...+
#......P.P.####PPP...#.
.. ..........P#∆
#...P...#....
........P..+
#..P....##.####


You could see 3 wights.

Vanquished Creatures
  A bullfrog (D:8)
  A hound (D:4)
  An iguana (D:8)
  Natasha (thrice) (D:2)
  5 adders
  An adder skeleton (D:4)
  3 bats
  2 giant cockroaches
  2 goblins
  3 hobgoblins
  2 kobolds (D:2)
  2 quokkas
  A ball python (D:3)
  3 frilled lizards (D:2)
  A rat (D:3)
31 creatures vanquished.

Vanquished Creatures (collateral kills)
  2 porcupines (D:8)
  A necrophage (D:6)
  An ogre (D:4)
  Blork the orc (D:6)
  2 bullfrogs (D:8)
  A wight (D:8)
8 creatures vanquished.

Vanquished Creatures (others)
  2 fungi (D:8)
2 creatures vanquished.

Grand Total: 41 creatures vanquished

Notes
Turn   | Place    | Note
-------+----------+-------------------------------------------
     0 | D:1      | dstrtnsr the Gnoll Ice Elementalist began the quest for the Orb.
     0 | D:1      | Reached XP level 1. HP: 13/13 MP: 6/6
   200 | D:2      | Reached XP level 2. HP: 19/19 MP: 3/7
   218 | D:2      | HP: 6/19 [worm (8)]
   400 | D:2      | Noticed Natasha
   403 | D:2      | Gained mutation: You have a pair of small antennae on your head. [potion of mutation]
   403 | D:2      | Gained mutation: You are frail. (-10% HP) [potion of mutation]
   403 | D:2      | Gained mutation: You have a somewhat thin skeletal structure. (Dex +2, Stealth) [potion of mutation]
   403 | D:2      | Gained mutation: You are partially covered in thin metallic scales. (AC +2) [potion of mutation]
   405 | D:2      | Killed Natasha
   405 | D:2      | Reached skill level 5 in Spellcasting
   405 | D:2      | Reached XP level 3. HP: 15/22 MP: 5/9
   416 | D:2      | Noticed Natasha
   421 | D:2      | Killed Natasha
   421 | D:2      | Reached skill level 1 in Fighting
   421 | D:2      | Reached skill level 1 in Short Blades
   421 | D:2      | Reached skill level 1 in Long Blades
   421 | D:2      | Reached skill level 1 in Axes
   421 | D:2      | Reached skill level 1 in Maces & Flails
   421 | D:2      | Reached skill level 1 in Polearms
   421 | D:2      | Reached skill level 1 in Staves
   421 | D:2      | Reached skill level 1 in Slings
   421 | D:2      | Reached skill level 1 in Bows
   421 | D:2      | Reached skill level 1 in Crossbows
   421 | D:2      | Reached skill level 1 in Throwing
   421 | D:2      | Reached skill level 1 in Armour
   421 | D:2      | Reached skill level 1 in Shields
   421 | D:2      | Reached skill level 1 in Unarmed Combat
   421 | D:2      | Reached skill level 1 in Invocations
   421 | D:2      | Reached skill level 1 in Evocations
   421 | D:2      | Reached XP level 4. HP: 20/28 MP: 2/11
   431 | D:2      | Learned a level 4 spell: Summon Ice Beast
   435 | D:2      | Learned a level 3 spell: Ozocubu's Armour
   604 | D:2      | Noticed Natasha
   608 | D:2      | Killed Natasha
   608 | D:2      | Reached skill level 1 in Hexes
   608 | D:2      | Reached skill level 1 in Charms
   608 | D:2      | Reached skill level 1 in Summonings
   608 | D:2      | Reached skill level 1 in Necromancy
   608 | D:2      | Reached skill level 1 in Translocations
   608 | D:2      | Reached skill level 1 in Transmutations
   608 | D:2      | Reached skill level 1 in Fire Magic
   608 | D:2      | Reached skill level 1 in Air Magic
   608 | D:2      | Reached skill level 1 in Earth Magic
   608 | D:2      | Reached skill level 1 in Poison Magic
   817 | D:4      | Reached XP level 5. HP: 26/33 MP: 8/12
   960 | D:4      | Noticed a big kobold
   977 | D:4      | Noticed an ogre
   988 | D:4      | Killed an ogre
  1010 | D:4      | Found a staircase to the Ecumenical Temple.
  1016 | Temple   | Entered the Ecumenical Temple
  1046 | Temple   | Became a worshipper of Cheibriados the Contemplative
  1120 | D:5      | Entered Level 5 of the Dungeon
  1218 | D:6      | Noticed a necrophage
  1226 | D:6      | Killed a necrophage
  1226 | D:6      | Reached XP level 6. HP: 39/39 MP: 1/13
  1228 | D:6      | Noticed Blork the orc
  1239 | D:6      | Killed Blork the orc
  1443 | D:8      | Found a shattered altar of Ashenzari.
  1450 | D:8      | Reached skill level 5 in Dodging
  1491 | D:8      | Noticed a porcupine
  1492 | D:8      | Noticed a porcupine
  1502 | D:8      | Killed a porcupine
  1505 | D:8      | Killed a porcupine
  1505 | D:8      | Reached XP level 7. HP: 36/45 MP: 0/15
  1535 | D:8      | Noticed a two-headed ogre
  1606 | D:8      | HP: 16/45 [wight/flail of protection (6)]
  1611 | D:8      | HP: 9/45 [wight/enchanted hand axe (2)]
  1619 | D:8      | HP: 4/45 [wight/enchanted short sword (5)]
  1620 | D:8      | HP: 1/67 [wight/short sword (3)]
  1620 | D:8      | Slain by a wight

Vault maps used:
D:1:      scummos_arrival_simple_crosswalls
D:2:      first_ration, uniq_natasha
D:3:      wad_lake_hut, grunt_decor_mini_mirrors, uniq_crazy_yiuf_cottage
D:4:      minmay_temple_entry_hall
D:5:      uniq_pikel
D:6:      lemuel_castle_with_subvaults, minmay_lizard_king, uniq_blork_the_orc
D:7:      kennysheep_mini_moat, serial_shops, shop, grunt_ogre_cave,
          nicolae_tso_carved_into_rock
D:8:      grunt_lair_entry_orc_guard_hut, nicolae_wwwww, evilmike_ruin_ashenzari
Temple:   grunt_wide_crystal_templ

Skill      XL: |  1  2  3  4  5  6  7 |
---------------+----------------------+-----
Conjurations   | 2 |  2.9
Spellcasting   | 5 |  5.6
Fighting       | 1 2 |  2.4
Short Blades   | 1 2 |  2.4
Long Blades    | 1 2 |  2.4
Axes           | 1 2 |  2.4
Maces & Flails | 1 2 |  2.4
Polearms       | 1 2 |  2.4
Staves         | 1 2 |  2.4
Slings         | 1 2 |  2.4
Bows           | 1 2 |  2.4
Crossbows      | 1 2 |  2.4
Throwing       | 1 2 |  2.4
Armour         | 1 2 |  2.4
Shields        | 1 2 |  2.4
Unarmed Combat | 1 2 |  2.4
Invocations    | 1 2 |  2.6
Evocations     | 1 2 |  2.4
Hexes          | 1 2 |  2.0
Charms         | 1 2 |  2.0
Summonings     | 1 2 |  2.0
Necromancy     | 1 2 |  2.0
Translocations | 1 2 |  2.0
Transmutations | 1 2 |  2.0
Fire Magic     | 1 2 |  2.0
Air Magic      | 1 2 |  2.0
Earth Magic    | 1 2 |  2.0
Poison Magic   | 1 2 |  2.0
Dodging        | 5 |  5.2
Stealth        | |  4.8
Ice Magic      | |  5.8

Action                   |  1- 3 |  4- 6 |  7- 9 || total
-------------------------+-------+-------+-------++-------
Melee: Unarmed           |     2 |     2 |       ||     4
       Bite              |     1 |     2 |     2 ||     5
       Punch             |       |     2 |       ||     2
       Short sword       |       |     7 |       ||     7
       Rapier            |       |     3 |    13 ||    16
 Cast: Freeze            |    24 |    28 |     3 ||    55
       Summon Ice Beast  |       |     9 |     4 ||    13
Evoke: Staff of energy   |       |       |     1 ||     1
  Use: Scroll            |     1 |     2 |     1 ||     4
       Potion            |     1 |       |     3 ||     4
 Stab: Sleeping          |       |     2 |       ||     2
  Eat: Chunk             |       |     3 |     1 ||     4
Armor: Robe              |     2 |     9 |     6 ||    17
Dodge: Dodged            |    16 |    25 |    21 ||    62

Table legend:
 A = Spawn XP
 B = Non-spawn XP
 C = Spawn XP percentage of total XP
 D = Spawn monster count
 E = Non-spawn monster count
 F = Spawn count percentage of total count
 G = Total turns spent on level
                    A         B        C        D         E        F      G
               +---------+---------+-------+---------+---------+-------+---------
         Total |       0 |     836 |   0.0 |       0 |      39 |   0.0 |  1620
               +---------+---------+-------+---------+---------+-------+---------
           D:1 |       0 |       4 |   0.0 |       0 |       2 |   0.0 |   155
           D:2 |       0 |     134 |   0.0 |       0 |      16 |   0.0 |   483
           D:3 |       0 |      21 |   0.0 |       0 |       6 |   0.0 |   202
           D:4 |       0 |     116 |   0.0 |       0 |       4 |   0.0 |   236
           D:5 |       0 |      14 |   0.0 |       0 |       1 |   0.0 |    92
           D:6 |       0 |     111 |   0.0 |       0 |       2 |   0.0 |    83
           D:8 |       0 |     436 |   0.0 |       0 |       8 |   0.0 |   236
               +---------+---------+-------+---------+---------+-------+---------
